 Dungeon Crawl Stone Soup version 0.31-a0-1093-gadecf4124d (webtiles) character file.

Game seed: 4358865315681139623

132 Revguard the Slasher (level 5, 0/45 HPs)
             Began as a Ghoul Gladiator on Nov 29, 2023.
             Slain by a cerulean imp
             ... wielding a +0 spear
             ... summoned by Natasha
              (3 damage)
             ... on level 2 of the Dungeon.
             The game lasted 00:04:23 (1703 turns).

Revguard the Slasher (Ghoul Gladiator)              Turns: 1703, Time: 00:04:24

Health: 0/45       AC:  4    Str: 16 (18) XL:     5   Next: 15%
Magic:  5/5        EV: 12    Int:  5 (7)  God:
Gold:   97         SH:  0    Dex: 11 (12) Spells: 4/4 levels left

rFire   . . .        a - +0 long sword
rCold   + . .        (no shield)
rNeg    + + +        b - +0 leather armour
rPois   ∞            c - +0 helmet
rElec   .            (no cloak)
rCorr   .            (no gloves)
SInv    .            (no boots)
Will    .....        (no amulet)
Stlth   +            (no ring)
HPRegen 0.00/turn    (no ring)
MPRegen 0.09/turn

%: no passive effects
@: inhibited regen
A: claws 1, cold resistance 1, negative energy resistance 3, inhibited
regeneration, torment resistance 2, devour on kill
a: no special abilities


You were on level 2 of the Dungeon.
You visited 1 branch of the dungeon, and saw 2 of its levels.

You collected 97 gold pieces.

Inventory:

Hand Weapons
 a - a +0 long sword (weapon)
Missiles
 e - a javelin
Armour
 b - a +0 leather armour (worn)
 c - a +0 helmet (worn)
Scrolls
 f - a scroll of amnesia {unknown}
 j - a scroll of vulnerability {unknown}
 m - a scroll of torment {unknown}
 n - a scroll of teleportation {unknown}
 p - a scroll of identify {unknown}
Potions
 g - a potion of brilliance {unknown}
 h - a potion of degeneration


   Skills:
 + Level 3.1 Fighting
 + Level 3.1 Long Blades
 - Level 1.7 Throwing
 + Level 1.1 Armour
 + Level 3.1 Dodging
 + Level 1.8 Stealth
 + Level 1.5 Invocations
 + Level 1.2 Evocations


You had 4 spell levels left.
You didn't know any spells.
Your spell library contained the following spells:

 Spells                   Type           Power      Damage    Failure   Level
 Scorch                   Fire           0%         2d5       69%         2
 Flame Wave               Conj/Fire      0%         2d4       100%        4
 Summon Cactus Giant      Summ           0%         N/A       100%        6


Dungeon Overview and Level Annotations

Branches:
Dungeon (2/15)

Altars:

Shops:
D:1 =

Annotations:
D:2 Natasha


Innate Abilities, Weirdness & Mutations

You are immune to poison.
You have sharp fingernails.
Your flesh is cold resistant. (rC+)
You are immune to negative energy. (rN+++)
You do not regenerate when monsters are visible.
You are immune to unholy pain and torment.
You thrive by killing the living.


Message History

Natasha stares at you and mumbles some strange words.
You feel yourself slow down.
Natasha zaps a wand.
The puff of flame hits you!
* * * LOW HITPOINT WARNING * * *
You see here the felid corpse of Natasha.
Throw: 2 throwing nets
Press: ? - help, Q - select action, (/) - cycle Shift-Dir - straight line, f - Natasha
Aim: Natasha, carrying a wand of flame (43% to hit)
You throw a throwing net. The throwing net barely misses Natasha.
Natasha mumbles some strange words.
Throw: throwing net
Press: ? - help, Q - select action, (/) - cycle Shift-Dir - straight line, f/p - Natasha
Aim: Natasha, carrying a wand of flame (43% to hit)
You throw a throwing net. The throwing net barely misses Natasha.
Natasha barely misses you.
Unknown command.
It was a potion of attraction.
You feel attractive to monsters.
Natasha stares at you and mumbles some strange words.
The magic dart hits you.
* * * LOW HITPOINT WARNING * * *
The cerulean imp hits you but does no damage.
Natasha zaps a wand.
The puff of flame misses you.
Okay, then.
It was a potion of curing.
You feel better.
The cerulean imp hits you from afar with a +2 spear.
* * * LOW HITPOINT WARNING * * *
Natasha closely misses you.
It was a potion of cancellation.
Your magical effects are unravelling.
You feel magically purged.
You feel yourself speed up. The cerulean imp closely misses you.
Natasha closely misses you.
The cerulean imp hits you from afar with a +2 spear.
* * * LOW HITPOINT WARNING * * *
Natasha barely misses you.
You feel less attractive to monsters.
Natasha casts a spell.
Natasha casts a spell.
The cerulean imp hits you from afar with a +0 spear.
You die...

# *........#.##........(# #
*........#.##.........# #
*..%.....#............# #
*........#..8.†.8...8.# #
*#######.#....#.5.#...# #
#.........###h###.##
#.###.##...#5..#...#
#######.#......8...8..[8.#
#######.#....#..@#...#...#
#######.#.##.#..###.###.##***
#######.#.##.#...#...#....,,**
#######.#.##.#.8...8...8..#,,*
#######.#.##.#...#.......##*,*
#######.#.##.#.######....#*,,*
#######.#......# *.##..,,**
........####.### *,*******
############.## *,*


You could see Natasha and 2 cerulean imps.

Vanquished Creatures
  Natasha (twice) (D:2)
  3 adders (D:2)
  A gnoll (D:1)
  2 dart slugs
  6 bats
  5 endoplasms
  3 goblins (D:1)
  4 hobgoblins
  A quokka (D:1)
  3 ball pythons
  2 frilled lizards (D:1)
  5 kobolds
  8 rats
45 creatures vanquished.

Notes
Turn   | Place    | Note
-------+----------+-------------------------------------------
     0 | D:1      | Revguard the Ghoul Gladiator began the quest for the Orb.
     0 | D:1      | Reached XP level 1. HP: 17/17 MP: 0/0
    88 | D:1      | Reached XP level 2. HP: 19/25 MP: 1/1
   256 | D:1      | Found Boireuth's Jewellery Emporium.
   269 | D:1      | Reached XP level 3. HP: 30/30 MP: 2/2
   350 | D:1      | Reached skill level 1 in Stealth
   961 | D:2      | Reached skill level 1 in Invocations
  1251 | D:2      | Noticed Natasha
  1270 | D:2      | Reached XP level 4. HP: 28/37 MP: 3/3
  1473 | D:2      | Killed Natasha
  1474 | D:2      | Reached skill level 1 in Armour
  1474 | D:2      | Reached skill level 1 in Evocations
  1515 | D:2      | Noticed Natasha
  1639 | D:2      | Killed Natasha
  1640 | D:2      | Reached XP level 5. HP: 13/45 MP: 5/5
  1692 | D:2      | Noticed Natasha
  1699 | D:2      | HP: 2/45 [Natasha/magic dart (6)]
  1703 | D:2      | Slain by a cerulean imp

Illustrated notes

Levels and vault maps discovered:
D:1:      evilmike_arrival_home_sweet_home, layout_rooms, serial_shops, shop,
          dreamdust_princess_bridge
D:2:      layout_basic, minmay_misc_feat_four_crosses,
          minmay_misc_feat_nine_boxes, uniq_natasha

Skill      XL: |  1  2  3  4 |
---------------+-------------+-----
Stealth        | 1 |  1.8
Long Blades    | 3 |  3.1
Invocations    | 1 |  1.5
Dodging        | 3 |  3.1
Fighting       | 3 |  3.1
Armour         | 1 |  1.1
Evocations     | 1 |  1.2
Throwing       | |  1.7

Action                     |  1- 3 |  4- 6 || total
---------------------------+-------+-------++-------
  Melee: Long sword        |   113 |    49 ||   162
         Punch             |     2 |       ||     2
  Throw: Throwing net      |       |     4 ||     4
    Use: Potion            |       |     5 ||     5
         Scroll            |       |     2 ||     2
 Armour: Leather armour    |    70 |    72 ||   142
  Dodge: Dodged            |   102 |    59 ||   161

Table legend: (Time is in decaauts)
 A = Elapsed time spent in this place.
 B = Non-inter-level travel time spent in this place.
 C = Inter-level travel time spent in this place.
 D = Time resting spent in this place.
 E = Time spent auto-exploring this place.
 F = Levels seen in this place.
 G = Mean time per level.
                   A        B        C        D        E       F      G
               +--------+--------+--------+--------+--------+-----+--------+
         Total |   1747 |   1677 |     70 |    148 |   1002 |   2 |  873.5 |
       Dungeon |   1747 |   1677 |     70 |    148 |   1002 |   2 |  873.5 |
               +--------+--------+--------+--------+--------+-----+--------+

Top non-repeatable levels by time:
     D:2: 969 daAuts
     D:1: 777 daAuts
